 Dungeon Crawl Stone Soup version 0.21.1-1-g345015fe64 (webtiles) character file.

51601 McKennaii the Eclecticist (level 14, -13/74 HPs)
             Began as a Deep Elf Ice Elementalist on June 5, 2018.
             Was a High Priest of Sif Muna.
             Mangled by a red ugly thing (20 damage)
             ... on level 14 of the Dungeon.
             The game lasted 01:39:58 (30740 turns).

McKennaii the Eclecticist (DEIE)                   Turns: 30740, Time: 01:39:59

Health: -13/74     AC: 13    Str:  5      XL:     14   Next: 24%
Magic:  0/37       EV: 15    Int: 28      God:    Sif Muna [*****.]
Gold:   1059       SH:  0    Dex: 14 (15) Spells: 24/48 levels left

rFire    . . .     SeeInvis +   T - +7 short sword of the Lurker {flame, rPois SInv Stlth-}
rCold    + + +     Gourm    +   (no shield)
rNeg     + . .     Faith    .   J - +1 steam dragon scales
rPois    +         Spirit   .   C - +0 helmet
rElec    .         Reflect  .   F - +2 cloak
rCorr    .         Harm     .   W - +2 pair of gloves
MR       ++...                  (no boots)
Stlth    +++.......             U - amulet of the gourmand
HPRegen  0.22/turn              O - ring of protection from magic
MPRegen  0.25/turn              a - ring "Fusetic" {*Corrode +Blink rC+++ rN+ Int+2}

@: no status effects
A: claws 1, cold resistance 1, sturdy frame 1
a: Divine Energy, Channel Magic, Forget Spell, Renounce Religion, Evoke Blink


You were on level 14 of the Dungeon.
You worshipped Sif Muna.
Sif Muna was extremely pleased with you.
You were very full.

You visited 2 branches of the dungeon, and saw 20 of its levels.
You also visited: Labyrinth, Sewer, Ossuary and Ice Cave.

You collected 1587 gold pieces.
You spent 528 gold pieces at shops.

Inventory:

Hand Weapons
 i - a +3 rapier of draining
 T - the +7 short sword of the Lurker (weapon) {flame, rPois SInv Stlth-}
   (You took it off a minotaur in a labyrinth)

   It has been specially enchanted to burn those struck by it, causing extra
   injury to most foes and up to half again as much damage against particularly
   susceptible opponents.
   It protects you from poison.
   It lets you see invisible.
   It makes you less stealthy.
Armour
 C - a +0 helmet (worn)
 F - a +2 cloak (worn)
 J - +1 steam dragon scales (worn)
 W - a +2 pair of gloves (worn)
Magical Staves
 Q - an uncursed staff of poison
Jewellery
 a - the ring "Fusetic" (right hand) {*Corrode +Blink rC+++ rN+ Int+2}
   (You acquired it on level 9 of the Dungeon)

   [ring of intelligence]

   It affects your intelligence (+2).
   It renders you almost immune to cold.
   It protects you from negative energy.
   It lets you blink.
   It may corrode you when you take damage.
 O - a ring of protection from magic (left hand)
 P - an uncursed ring of ice
 S - an uncursed ring of protection from fire
 U - an amulet of the gourmand (around neck)
Wands
 m - a wand of acid (15)
 n - a wand of paralysis (32)
 p - a wand of enslavement (9)
 t - a wand of disintegration (31)
 u - a wand of random effects (46)
 y - a wand of flame (82)
 G - a wand of iceblast (22)
Scrolls
 b - 5 scrolls of fear
 d - 9 scrolls of identify
 f - 3 scrolls of enchant weapon
 g - 2 scrolls of immolation
 h - 3 scrolls of fog
 j - 8 scrolls of enchant armour
 q - 11 scrolls of remove curse
 r - 4 scrolls of magic mapping
 v - 6 scrolls of teleportation
 x - a scroll of holy word {unknown}
 E - 2 scrolls of summoning
 L - a scroll of amnesia
 M - 2 scrolls of brand weapon
Potions
 e - 2 potions of heal wounds
 k - 4 potions of mutation
 l - 6 potions of curing
 o - 3 potions of berserk rage
 s - 2 potions of might
 w - 3 potions of brilliance
 z - a potion of resistance
 A - 3 potions of flight
 B - 2 potions of haste
 D - 2 potions of agility
 K - a potion of invisibility
 N - a potion of ambrosia
Books
 H - a book of Clouds

   Spells                             Type                      Level
   a - Poisonous Vapours              Poison/Air                   2
   b - Mephitic Cloud                 Conjuration/Poison/Air       3
   c - Conjure Flame                  Conjuration/Fire             3
   d - Freezing Cloud                 Conjuration/Ice/Air          6
   e - Ring of Flames                 Charms/Fire                  7
 R - a book of Cantrips

   Spells                             Type                      Level
   a - Confusing Touch                Hexes                        1
   b - Animate Skeleton               Necromancy                   1
   c - Summon Small Mammal            Summoning                    1
   d - Apportation                    Translocation                1
Comestibles
 c - 43 rations


   Skills:
 + Level 3.5 Fighting
 + Level 7.6 Short Blades
 * Level 5.0 Dodging
 + Level 10.3 Stealth
 * Level 17.9 Spellcasting
 * Level 4.2 Conjurations
 + Level 1.4 Hexes
 + Level 1.1 Charms
 * Level 10.7 Summonings
 * Level 13.9 Ice Magic


You had 24 spell levels left.
You knew the following spells:

 Your Spells              Type           Power        Failure   Level  Hunger
a - Freeze                Ice            ####         0%          1    None
b - Throw Frost           Conj/Ice       ######       1%          2    None
c - Ozocubu's Armour      Chrm/Ice       ######..     1%          3    None
d - Summon Ice Beast      Ice/Summ       #######.     1%          4    None
e - Throw Icicle          Conj/Ice       ######..     1%          4    None
f - Summon Guardian Gole  Hex/Summ       ######..     1%          3    None
g - Monstrous Menagerie   Summ           ######....   19%         7    ####...


Dungeon Overview and Level Annotations

Branches:
Dungeon (14/15)            Temple (0/1) D:7            Lair (6/6) D:9
 Shoals (0/4) Lair:2       Spider (0/4) Lair:3        Slime (0/5) Lair:5
    Orc (0/2) D:9
 Vaults: D:13-14

Altars:
Ashenzari
Elyvilon
Fedhas
Hepliaklqana
Kikubaaqudgha
Nemelex Xobeh
Sif Muna
Vehumet
Wu Jian
Yredelemnul
The Shining One

Shops:
D:5 (   D:7 %   D:9 *   D:12 }


Innate Abilities, Weirdness & Mutations

You have sharp fingernails.
Your flesh is cold resistant. (rC+)
Your movements are slightly less encumbered by armour. (ER -2)


Message History

Your ice beast is engulfed in flames!!
Your ice beast melts!
Your ice beast dies!
Casting: Throw Frost
Confirm with . or Enter, or press ? or * to list all spells.
A chill wind blows around you. The red ugly thing headbutts you.
You are engulfed in flames!
* * * LOW HITPOINT WARNING * * *
Unknown command.
You feel much better. The red ugly thing headbutts you.
You are engulfed in flames!
* * * LOW HITPOINT WARNING * * *
Your ice beast hits the red ugly thing.
Your ice beast freezes the red ugly thing!!
You barely miss the red ugly thing.
The red ugly thing is almost dead.
The red ugly thing headbutts you!
* * * LOW HITPOINT WARNING * * *
You are engulfed in flames!!
You die...

########.......#
...............#
########.......#
######.## #.# ##?#
####..# #....## #@####
##u###### #### #Y......#
#.%. #.#####.# #...
#.#..u..# #... #.#(#####
#.u. #### #.#...#.#
###.u.
#..###.###u#.######.'Y..
##..##.#...u.u.†....#...


You could see a red ugly thing and a friendly ice beast.

Vanquished Creatures
  6 hydras
  3 two-headed ogres
  A death yak (Lair:5)
  Sonja (D:10)
  3 skeletal warriors (D:14)
  An orb spider (Lair:3)
  2 ugly things
  A cyclops (D:12)
  2 deep elf magi (D:13)
  2 manticores
  4 elephants
  A centaur zombie (D:13)
  4 black mambas
  A centaur skeleton (D:14)
  2 gargoyles (D:11)
  4 spiny frogs
  A rime drake (Lair:2)
  7 komodo dragons
  A kobold demonologist (D:13)
  A polar bear (Lair:6)
  A tengu conjurer (D:10)
  A hornet (Lair:6)
  A dream sheep (Lair:6)
  A troll (D:9)
  7 hippogriffs
  3 blink frogs
  A shadow (D:12)
  Sigmund (D:2)
  A redback (Lab)
  4 wraiths
  8 spriggans (Lair:6)
  4 yaks
  3 basilisks
  Grum (D:9)
  5 vampire mosquitoes
  2 hungry ghosts
  2 steam dragons
  2 wargs (D:9)
  9 water moccasins
  7 orc warriors
  7 porcupines
  8 ice beasts
  Purgy (Sewer)
  2 sky beasts
  A slave (D:5)
  A black bear (Lair:6)
  An ogre (D:13)
  A phantom (D:6)
  3 boggarts (Lair:6)
  9 wolves
  9 crocodiles
  2 big kobolds
  9 bullfrogs
  8 scorpions
  3 wights
  2 howler monkeys
  15 electric eels
  3 crimson imps
  A bullfrog zombie (D:6)
  7 jellies
  3 bullfrog skeletons
  A gnoll shaman (D:5)
  6 orc priests
  3 hounds
  8 orc wizards
  5 iguanas
  8 worker ants
  A hound zombie (D:6)
  A hound skeleton (D:5)
  4 mummies (Ossuary)
  2 worker ant zombies
  2 gnolls (D:5)
  9 adders
  6 shadow imps
  2 oozes
  2 adder skeletons
  6 worms
  A dart slug (D:2)
  32 orcs
  7 giant cockroaches
  11 goblins
  9 hobgoblins
  12 jackals
  9 quokkas
  2 ball pythons (D:2)
  3 bats
  7 frilled lizards
  2 gnoll zombies (Ossuary)
  A jackal zombie (D:6)
  16 kobolds
  A leopard gecko skeleton (D:6)
  2 orc zombies (Ossuary)
  11 rats
  A spectral orc (D:5)
  A plant (D:9)
402 creatures vanquished.

Vanquished Creatures (collateral kills)
  The ghost of DildoBatman the Tainter, a journeyman FoWz of Sif Muna (Lair:6)
  A minotaur (Lab)
  Josephine (D:12)
  A hydra (Lair:3)
  A catoblepas (Lair:4)
  A centaur warrior (D:13)
  2 two-headed ogres
  5 death yaks
  A skeletal warrior (D:14)
  The ghost of McKennaii the Thaumaturge, a novice DEIE of Sif Muna (D:10)
  Pikel (D:5)
  A deep elf mage (D:13)
  2 ugly things
  A cyclops (D:12)
  12 elephants
  3 spiny frogs
  2 centaur skeletons
  A troll (D:13)
  4 polar bears (Lair:6)
  Prince Ribbit (D:9)
  A hornet (Lair:6)
  A slime creature (Lair:5)
  3 hippogriffs
  7 blink frogs
  5 dream sheep
  The ghost of aliadon the Skirmisher, an amateur OgBe of Trog (D:3)
  3 spriggans (Lair:6)
  2 wraiths (D:12)
  A wyvern (D:14)
  A basilisk (D:9)
  28 yaks
  A tarantella (shapeshifter) (D:13)
  A steam dragon (D:8)
  2 wargs (D:9)
  2 vampire mosquitoes
  7 porcupines
  Duvessa (D:4)
  4 water moccasins
  An orc warrior (D:9)
  A black bear (Lair:6)
  A phantom (D:4)
  2 slaves (D:5)
  A sky beast (D:14)
  5 ice beasts
  A centaur (D:8)
  4 ogres
  A necrophage (D:12)
  A boggart (Lair:6)
  22 wolves
  8 crocodiles
  6 bullfrogs
  Dowan (D:4)
  10 wights
  3 howler monkeys
  An electric eel (D:10)
  2 jellies (Lair:5)
  An orc wizard (D:7)
  An orc priest (D:12)
  Terence (D:3)
  An iguana (D:9)
  2 worker ants
  A hound skeleton (D:9)
  4 mummies (Ossuary)
  Robin (D:4)
  3 gnolls (D:5)
  2 adders
  A leopard gecko (D:9)
  16 orcs
  A ball python (D:4)
  A gnoll zombie (Ossuary)
  3 goblins (D:4)
  3 hobgoblins (D:4)
  4 jackals (D:4)
  A quokka (D:4)
  2 hobgoblin zombies (Ossuary)
  A kobold (D:10)
  An orc zombie (Ossuary)
  A plant (D:9)
237 creatures vanquished.

Vanquished Creatures (others)
  Urug (D:12)
  An ugly thing (D:14)
  4 elephants
  A hornet (Lair:6)
  A hippogriff (D:14)
  A spriggan (Lair:6)
  A wraith (D:12)
  An ice beast (Lair:3)
  A hound (D:5)
  An orc (D:5)
  A jackal (D:10)
  9 fungi
  12 plants
35 creatures vanquished.

Grand Total: 674 creatures vanquished

Notes
Turn   | Place    | Note
-------+----------+-------------------------------------------
     0 | D:1      | McKennaii the Deep Elf Ice Elementalist began the quest for the Orb.
     0 | D:1      | Reached XP level 1. HP: 10/10 MP: 6/6
   225 | D:1      | Reached XP level 2. HP: 2/15 MP: 0/8
   301 | D:1      | Learned a level 2 spell: Throw Frost
  1206 | D:2      | Reached XP level 3. HP: 19/19 MP: 2/10
  1690 | D:2      | Noticed Sigmund
  1699 | D:2      | Killed Sigmund
  1699 | D:2      | Reached skill level 5 in Spellcasting
  1699 | D:2      | Reached skill level 5 in Ice Magic
  1699 | D:2      | Reached XP level 4. HP: 18/24 MP: 0/13
  1699 | D:2      | Reached XP level 5. HP: 21/28 MP: 0/15
  2512 | D:3      | Learned a level 3 spell: Ozocubu's Armour
  2517 | D:3      | Learned a level 4 spell: Summon Ice Beast
  2522 | D:3      | Learned a level 4 spell: Throw Icicle
  3049 | D:3      | Noticed aliadon's ghost (amateur OgBe)
  3061 | D:3      | Killed aliadon's ghost
  3061 | D:3      | Reached skill level 6 in Spellcasting
  3061 | D:3      | Reached XP level 6. HP: 10/32 MP: 0/17
  3395 | D:3      | Noticed Terence
  3412 | D:3      | Killed Terence
  3949 | D:4      | Found a sand-covered staircase.
  4052 | Ossuary  | Entered an ossuary
  4079 | Ossuary  | Reached skill level 7 in Spellcasting
  4422 | Ossuary  | Reached skill level 1 in Short Blades
  4430 | Ossuary  | Reached XP level 7. HP: 27/36 MP: 14/19
  4778 | D:4      | Reached skill level 1 in Summonings
  5102 | D:4      | Noticed Duvessa
  5102 | D:4      | Noticed Dowan
  5112 | D:4      | Killed Duvessa
  5114 | D:4      | Killed Dowan
  5401 | D:4      | Reached skill level 1 in Fighting
  5477 | D:4      | Noticed Robin
  5491 | D:4      | Reached XP level 8. HP: 30/43 MP: 11/21
  5493 | D:4      | Killed Robin
  5612 | D:4      | Reached skill level 8 in Spellcasting
  5751 | D:5      | Entered Level 5 of the Dungeon
  5942 | D:5      | Reached skill level 5 in Stealth
  6007 | D:5      | Found a glowing drain.
  6013 | Sewer    | Entered a sewer
  6068 | Sewer    | Noticed Purgy
  6073 | Sewer    | Killed Purgy
  6320 | D:5      | Found a blossoming altar of Fedhas.
  6420 | D:5      | Noticed Pikel
  6425 | D:5      | Killed Pikel
  6425 | D:5      | Reached skill level 9 in Spellcasting
  6595 | D:5      | Found Feluos's Weapon Boutique.
  6801 | D:5      | Found an ornate altar of the Wu Jian Council.
  7072 | D:5      | Found a basalt altar of Yredelemnul.
  7383 | D:6      | Found a white marble altar of Elyvilon.
  7529 | D:6      | Reached XP level 9. HP: 48/48 MP: 14/24
  7605 | D:6      | Learned a level 3 spell: Summon Guardian Golem
  7718 | D:6      | Got a steaming arbalest
  7721 | D:6      | Identified the +8 arbalest of Descent {elec, Fragile rC+++ MR+++} (You found it on level 6 of the Dungeon)
  8177 | D:6      | Reached skill level 10 in Spellcasting
  8326 | D:6      | Found a glowing golden altar of the Shining One.
  8530 | D:6      | Gained mutation: Your movements are slightly less encumbered by armour. (ER -2) [potion of mutation]
  8530 | D:6      | Gained mutation: You are somewhat resistant to further mutation. [potion of mutation]
  8530 | D:6      | Gained mutation: You tend to lose your temper in combat. [potion of mutation]
  8530 | D:6      | Gained mutation: You have a pair of small horns on your head. [potion of mutation]
  8531 | D:6      | Lost mutation: You are somewhat resistant to further mutation. [potion of mutation]
  8531 | D:6      | Lost mutation: You tend to lose your temper in combat. [potion of mutation]
  8531 | D:6      | Lost mutation: You have a pair of small horns on your head. [potion of mutation]
  8531 | D:6      | Gained mutation: You have sharp fingernails. [potion of mutation]
  8531 | D:6      | Gained mutation: Your flesh is cold resistant. (rC+) [potion of mutation]
  8729 | D:7      | Found the +2 hat of the Bear Spirit {Spirit, +Rage rN+ MR++}
  8759 | D:7      | Found a staircase to the Ecumenical Temple.
  8926 | D:7      | Found Licui's Food Shop.
  9269 | D:7      | Found a sparkling altar of Nemelex Xobeh.
  9619 | D:8      | Reached skill level 5 in Short Blades
 10091 | D:8      | Found an ancient bone altar of Kikubaaqudgha.
 10098 | D:8      | Found a radiant altar of Vehumet.
 10102 | D:8      | Found a shattered altar of Ashenzari.
 10206 | D:8      | Found a hazy altar of Hepliaklqana.
 10598 | D:8      | Found a deep blue altar of Sif Muna.
 10626 | D:8      | Became a worshipper of Sif Muna the Loreminder
 10745 | D:9      | Noticed Grum
 10757 | D:8      | Reached skill level 11 in Spellcasting
 11108 | D:9      | Reached skill level 5 in Summonings
 11108 | D:9      | Reached XP level 10. HP: 53/53 MP: 20/27
 11167 | D:9      | Noticed Prince Ribbit
 11174 | D:9      | Killed Prince Ribbit
 11176 | D:9      | Found a staircase to the Lair.
 11197 | D:9      | Reached * piety under Sif Muna
 11570 | D:9      | Noticed a two-headed ogre
 11581 | D:9      | Killed a two-headed ogre
 11726 | D:9      | Killed Grum
 11825 | D:9      | Found a staircase to the Orcish Mines.
 11844 | D:9      | Reached skill level 12 in Spellcasting
 12048 | D:9      | Found Bon Ydec's Assorted Antiques.
 12057 | D:9      | Reached skill level 10 in Ice Magic
 12059 | D:9      | Bought a scroll labeled POMPOCL XAACI for 24 gold pieces
 12059 | D:9      | Bought a scroll labeled LICVIX JEUKIM for 24 gold pieces
 12059 | D:9      | Bought an onyx ring for 120 gold pieces
 12059 | D:9      | Bought a metal-bound book for 360 gold pieces
 12188 | D:9      | Found a deep blue altar of Sif Muna.
 12215 | D:10     | Entered Level 10 of the Dungeon
 12419 | D:10     | Noticed Sonja
 12533 | D:10     | Noticed a two-headed ogre
 12536 | D:10     | Killed a two-headed ogre
 12655 | D:10     | Noticed McKennaii's ghost (novice DEIE)
 12878 | Lair:1   | Entered Level 1 of the Lair of Beasts
 12914 | Lair:1   | Reached XP level 11. HP: 28/58 MP: 5/29
 12917 | Lair:1   | Reached ** piety under Sif Muna
 13669 | Lair:1   | Reached skill level 13 in Spellcasting
 13949 | Lair:1   | Noticed a seven-headed hydra
 13962 | Lair:1   | Killed a seven-headed hydra
 14792 | Lair:2   | Reached *** piety under Sif Muna
 14923 | Lair:2   | Noticed a five-headed hydra
 14937 | Lair:2   | Killed a five-headed hydra
 15076 | Lair:2   | Reached skill level 14 in Spellcasting
 15404 | Lair:2   | Found a staircase to the Shoals.
 16036 | Lair:3   | Reached XP level 12. HP: 40/64 MP: 1/32
 16188 | Lair:3   | Reached **** piety under Sif Muna
 16261 | Lair:3   | Found a hole to the Spider Nest.
 16400 | Lair:3   | Found a frozen archway.
 16496 | IceCv    | Entered an ice cave
 16537 | Lair:3   | Reached skill level 15 in Spellcasting
 16773 | Lair:3   | Noticed a four-headed hydra
 16781 | Lair:3   | Killed a four-headed hydra
 17284 | Lair:3   | Noticed a four-headed hydra
 17304 | Lair:3   | Killed a four-headed hydra
 17804 | Lair:4   | Reached skill level 1 in Hexes
 17932 | Lair:4   | Noticed a catoblepas
 17951 | Lair:4   | Killed a catoblepas
 18578 | Lair:4   | Reached skill level 10 in Stealth
 19244 | Lair:5   | Reached ***** piety under Sif Muna
 19260 | Lair:5   | Identified Syufon's Incunabulum of the Escort (Sif Muna gifted it to you on level 5 of the Lair of Beasts)
 19260 | Lair:5   | Received a gift from Sif Muna
 19270 | Lair:5   | Learned a level 7 spell: Monstrous Menagerie
 19343 | Lair:5   | Noticed a death yak
 19390 | Lair:5   | Noticed a death yak
 19392 | Lair:5   | Noticed a death yak
 19392 | Lair:5   | Noticed a death yak
 19393 | Lair:5   | Noticed a death yak
 19394 | Lair:5   | Noticed a death yak
 19397 | Lair:5   | Killed a death yak
 19405 | Lair:5   | Noticed a seven-headed hydra
 19580 | Lair:5   | Noticed a four-headed hydra
 19584 | Lair:5   | Killed a four-headed hydra
 19584 | Lair:5   | Reached skill level 16 in Spellcasting
 19802 | Lair:5   | Killed a seven-headed hydra
 19964 | Lair:5   | Found a staircase to the Slime Pits.
 20247 | Lair:4   | Killed a death yak
 20590 | Lair:5   | Killed a death yak
 20590 | Lair:5   | Reached XP level 13. HP: 68/68 MP: 5/35
 21293 | Lair:6   | Entered Level 6 of the Lair of Beasts
 21505 | Lair:6   | Found a labyrinth entrance.
 21515 | Lab      | Entered a labyrinth
 22596 | Lab      | Noticed a minotaur
 22614 | Lab      | Killed a minotaur
 22618 | Lab      | Got a brightly glowing short sword {flame}
 22682 | Lab      | Identified the Volume of the True Pharaoh
 22725 | Lab      | Identified the +7 short sword of the Lurker {flame, rPois SInv Stlth-} (You took it off a minotaur in a labyrinth)
 22855 | Lair:6   | Noticed DildoBatman's ghost (journeyman FoWz)
 22960 | Lair:6   | Killed DildoBatman's ghost
 23744 | Lair:6   | Received a gift from Sif Muna
 23792 | Lair:6   | Reached skill level 17 in Spellcasting
 24188 | Lair:6   | Got a steaming plate armour
 24506 | Lair:6   | Identified the +5 plate armour of Muttered Phrases {+Blink rN+ Str+4} (You found it on level 6 of the Lair of Beasts)
 24519 | Lair:6   | Identified a scroll of acquirement
 24689 | Lair:6   | Reached skill level 1 in Charms
 25031 | D:9      | Got a bound ivory ring
 25033 | D:9      | Identified the ring "Fusetic" {*Corrode +Blink rC+++ rN+ Int+2} (You acquired it on level 9 of the Dungeon)
 25195 | D:10     | Killed Sonja
 25880 | D:10     | Reached skill level 10 in Summonings
 26260 | D:10     | Killed McKennaii's ghost
 28024 | D:12     | Noticed Josephine
 28040 | D:12     | Killed Josephine
 28187 | D:12     | Received a gift from Sif Muna
 28334 | D:12     | Found Uteatrym's Gadget Boutique.
 28708 | D:12     | Noticed Urug
 28726 | D:12     | Killed Urug
 28726 | D:12     | Reached XP level 14. HP: 48/74 MP: 21/37
 30699 | D:14     | Reached skill level 5 in Dodging
 30740 | D:14     | Mangled by a red ugly thing

Skill      XL: |  1  2  3  4  5  6  7  8  9 10 11 12 13 14 |
---------------+-------------------------------------------+-----
Ice Magic      | 4 5 6 7 8 10 11 12 13 | 13.9
Stealth        | 3 4 5 6 7 9 10 | 10.3
Spellcasting   | 5 6 7 9 11 12 14 16 17 | 17.9
Short Blades   | 1 2 4 5 6 7 |  7.6
Summonings     | 2 3 5 6 7 8 10 | 10.7
Fighting       | 1 2 3 |  3.5
Hexes          | 1 |  1.4
Charms         | 1 |  1.1
Dodging        | 4 5 |  5.0
Conjurations   | 3 4 |  4.2

Action                   |  1- 3 |  4- 6 |  7- 9 | 10-12 | 13-15 || total
-------------------------+-------+-------+-------+-------+-------++-------
Melee: Unarmed           |     9 |       |       |       |       ||     9
       Dagger            |     9 |     2 |       |       |       ||    11
       Rapier            |       |    50 |   352 |   360 |    29 ||   791
       Short sword       |       |       |       |       |   389 ||   389
 Cast: Freeze            |    38 |    16 |    41 |     1 |     4 ||   100
       Throw Frost       |    18 |    42 |   104 |   148 |    53 ||   365
       Summon Ice Beast  |       |     8 |    31 |    95 |   114 ||   248
       Ozocubu's Armour  |       |       |     1 |     1 |     2 ||     4
       Throw Icicle      |       |       |    19 |   107 |   157 ||   283
       Summon Guardian G |       |       |       |    17 |    19 ||    36
  Use: Scroll            |       |     1 |     2 |     9 |    18 ||    30
       Potion            |       |       |    13 |     4 |     5 ||    22
 Stab: Sleeping          |     2 |     3 |     8 |     6 |    10 ||    29
       Distracted        |       |     1 |     1 |     2 |     9 ||    13
  Eat: Chunk             |     2 |     7 |    19 |    24 |    38 ||    90
       Ration            |       |     1 |     1 |     3 |     2 ||     7
Armor: Robe              |    11 |     4 |    88 |       |       ||   103
       Steam dragon scal |       |       |    23 |   191 |   185 ||   399
       Plate armour      |       |       |       |       |     5 ||     5
Dodge: Dodged            |    34 |    28 |   276 |   282 |   260 ||   880
